 Dungeon Crawl Stone Soup version 0.30.1 (webtiles) character file.

Game seed: 11313945478192866600

193 Graphine the Trooper (level 5, -3/55 HPs)
             Began as an Ogre Gladiator on July 8, 2023.
             Slain by Grinder (6 damage)
             ... on level 3 of the Dungeon.
             The game lasted 00:08:27 (2692 turns).

Graphine the Trooper (Ogre Gladiator)               Turns: 2692, Time: 00:08:28

Health: -3/55      AC:  3    Str: 23    XL:     5   Next: 72%
Magic:  5/5        EV:  7    Int: 11    God:
Gold:   190        SH: 23    Dex: 10    Spells: 4/4 levels left

rFire   . . .        p - +0 dagger (holy)
rCold   . . .        f - +8 tower shield of Pire Pol {rN++ Str+3 Int+2 Slay-3}
rNeg    + + .        b - +0 robe
rPois   +            c - +0 hat
rElec   .            (no cloak)
rCorr   .            (gloves unavailable)
SInv    .            (boots unavailable)
Will    .....        g - amulet of reflection
Stlth   +            j - ring of poison resistance
HPRegen 0.29/turn    (no ring)
MPRegen 0.09/turn

%: reflection
@: no status effects
A: large, unfitting armour, tough skin 1
a: no special abilities


You were on level 3 of the Dungeon.
You visited 1 branch of the dungeon, and saw 3 of its levels.

You collected 190 gold pieces.

Inventory:

Hand Weapons
 a - a +0 war axe
 i - a +2 short sword of draining
 p - a +0 dagger of holy wrath (weapon)
 r - a +0 dagger of venom
Missiles
 d - a throwing net
 l - 12 stones (quivered)
Armour
 b - a +0 robe (worn)
 c - a +0 hat (worn)
 f - the +8 tower shield of Pire Pol (worn) {rN++ Str+3 Int+2 Slay-3}
   (You acquired it on level 1 of the Dungeon)

   Str:       It affects your strength (+3).
   Int:       It affects your intelligence (+2).
   Slay:      It affects your accuracy & damage with ranged weapons and melee
   (-3).
   rN:        It greatly protects you from negative energy.
Jewellery
 g - an amulet of reflection (around neck)
 j - a ring of poison resistance (left hand)
 o - an amulet of magic regeneration
 s - an amulet of faith
Scrolls
 k - a scroll of teleportation
 u - a scroll of identify
Potions
 e - 3 potions of curing
 h - 2 potions of attraction
 m - a potion of heal wounds
 n - a potion of haste {unknown}
 q - a potion of brilliance
 t - a potion of lignification {unknown}


   Skills:
 * Level 4.7 Fighting
 - Level 3.0 Axes
 * Level 3.3 Throwing
 + Level 1.2 Armour
 + Level 3.3 Dodging
 * Level 1.7 Shields


You had 4 spell levels left.
You didn't know any spells.
Your spell library contained the following spells:

 Spells                   Type           Power      Damage    Failure   Level
 Blink                    Tloc           0%         N/A       98%         2
 Manifold Assault         Tloc           0%         N/A       100%        4
 Storm Form               Tmut/Air       0%         N/A       100%        7


Dungeon Overview and Level Annotations

Branches:
Dungeon (3/15)

Altars:
Ashenzari
Cheibriados
Dithmenos
Sif Muna
Vehumet

Annotations:
D:3 Grinder


Innate Abilities, Weirdness & Mutations

You are too large for most types of armour.
You have tough skin. (AC +1)


Message History

You block Grinder's attack.
You hit Grinder but do no damage.
Grinder is almost dead.
You block Grinder's attack.
You closely miss Grinder.
Grinder is almost dead.
You block Grinder's attack. Grinder hits you.
* * * LOW HITPOINT WARNING * * *
You hit Grinder but do no damage.
Grinder is almost dead.
Grinder gestures at you.
You struggle to resist.
You hit Grinder but do no damage.
Grinder is almost dead.
Grinder gestures at you. You resist with significant effort.
You hit Grinder but do no damage.
Grinder is almost dead.
Grinder gestures at you.
You suddenly lose the ability to move!
Grinder gestures at you.
You shrug off the repeated paralysis!
Grinder hits you.
* * * LOW HITPOINT WARNING * * *
You writhe in agony.
* * * LOW HITPOINT WARNING * * *
Grinder hits you.
* * * LOW HITPOINT WARNING * * *
Grinder hits you but does no damage.
You can move again.
Throw: 2 throwing nets
Press: ? - help, Shift-Dir - straight line, f/p - Grinder
Aim: Grinder (almost dead, 50% to hit)
You throw a throwing net.
The throwing net closely misses Grinder.
Grinder hits you.
* * * LOW HITPOINT WARNING * * *
Grinder says, "Tell me all your secrets, or I'll kill you."
Grinder hits you.
You die...

#.......####### #..†..#
#..)....#(....# #.....#
#.......#.._..# #.....#
#.......# ...? #.....#
#.......####'#### ##....#
#.....(.........#######....#
#######.........'.._.##....##
#.###.....###..##.....##
#.##...@5.(###.######..#
#.##.......###..........
########
#.##...........#######..
.......# #.##...........#
####.
######.###+##..(........#
#.... #
#.#................#####.###
#
####.#.....#..........#.....#
# #
#<##.#.....#.........##.###.#
# # #.##.#.....#....)....'..#
#####


You could see Grinder.

Vanquished Creatures
  An orc wizard (D:3)
  6 gnolls (D:3)
  An adder (D:3)
  A worm (D:3)
  4 dart slugs
  4 orcs (D:3)
  5 ball pythons
  5 endoplasms
  3 giant cockroaches
  9 goblins
  4 hobgoblins
  11 jackals
  4 quokkas
  7 bats
  2 frilled lizards
  5 kobolds
  7 rats
79 creatures vanquished.

Notes
Turn   | Place    | Note
-------+----------+-------------------------------------------
     0 | D:1      | Graphine the Ogre Gladiator began the quest for the Orb.
     0 | D:1      | Reached XP level 1. HP: 22/22 MP: 1/1
   110 | D:1      | Reached XP level 2. HP: 29/29 MP: 2/2
   115 | D:1      | Reached skill level 3 in Fighting
   342 | D:1      | Reached XP level 3. HP: 37/37 MP: 3/3
   807 | D:1      | Identified a scroll of acquirement
   807 | D:1      | Acquired the +8 tower shield of Pire Pol {rN++ Str+3 Int+2
                  | Slay-3}
   873 | D:2      | Reached skill level 1 in Shields
  1142 | D:2      | Reached XP level 4. HP: 44/48 MP: 4/4
  1683 | D:3      | Reached skill level 4 in Fighting
  1752 | D:3      | Reached XP level 5. HP: 31/54 MP: 5/5
  1853 | D:3      | Reached skill level 1 in Armour
  1894 | D:3      | Found a radiant altar of Vehumet.
  1894 | D:3      | Found a snail-covered altar of Cheibriados.
  1894 | D:3      | Found a broken altar of Ashenzari.
  2568 | D:3      | Found a shadowy altar of Dithmenos.
  2583 | D:3      | Found a shimmering blue altar of Sif Muna.
  2583 | D:3      | Noticed Grinder
  2596 | D:3      | Paralysed by Grinder for 2 turns
  2600 | D:3      | Paralysed by Grinder for 4 turns
  2606 | D:3      | Paralysed by Grinder for 2 turns
  2613 | D:3      | Paralysed by Grinder for 4 turns
  2625 | D:3      | Paralysed by Grinder for 3 turns
  2645 | D:3      | Paralysed by Grinder for 4 turns
  2653 | D:3      | Paralysed by Grinder for 5 turns
  2667 | D:3      | Paralysed by Grinder for 2 turns
  2677 | D:3      | Paralysed by Grinder for 5 turns
  2687 | D:3      | Paralysed by Grinder for 5 turns
  2692 | D:3      | Slain by Grinder

Illustrated notes

Levels and vault maps discovered:
D:1:      evilmike_arrival_crescent, layout_loops_ring,
          chequers_serial_rivers_large_a
D:2:      layout_loops_cross
D:3:      layout_basic, overflow_temple_1_default,
          nicolae_sif_muna_little_library, gammafunk_temple_overflow_forgotten,
          uniq_grinder

Skill      XL: |  1  2  3  4  5 |
---------------+----------------+-----
Fighting       | 3 4 |  4.7
Dodging        | 3 |  3.3
Shields        | 1 |  1.7
Throwing       | 3 |  3.3
Armour         | 1 |  1.2
Axes           | |  3.0

Action                     |  1- 3 |  4- 6 || total
---------------------------+-------+-------++-------
  Melee: War axe           |    10 |       ||    10
         Short sword       |   117 |    16 ||   133
         Punch             |     1 |       ||     1
         Dagger            |     5 |   203 ||   208
  Throw: Large rock        |     3 |       ||     3
         Stone             |    10 |    14 ||    24
         Javelin           |       |     5 ||     5
         Throwing net      |       |     3 ||     3
    Use: Scroll            |     6 |     5 ||    11
         Potion            |       |     2 ||     2
   Stab: Sleeping          |     1 |       ||     1
 Armour: Robe              |    19 |    20 ||    39
  Dodge: Dodged            |    46 |    24 ||    70
  Block: Other             |    13 |       ||    13
         Tower shield      |    89 |   255 ||   344
         Reflection        |     1 |     3 ||     4
